 Dungeon Crawl Stone Soup version 0.19-a0-1498-g0b85ae9 (webtiles) character file.

112 PurpleRed the Conjurer (level 4, -4/24 HPs)
             Began as a Deep Elf Conjurer on Sept 10, 2016.
             Killed by divine providence
             ... invoked by an orc priest
              (14 damage)
             ... on level 5 of the Dungeon.
             The game lasted 00:04:18 (621 turns).

PurpleRed the Conjurer (Deep Elf Conjurer)           Turns: 621, Time: 00:04:18

Health: -4/24      AC:  2    Str:  5    XL:     4   Next: 63%
Magic:  1/12       EV: 13    Int: 21    God:
Gold:   14         SH:  0    Dex: 15    Spells: 2 memorised, 8 levels left

rFire  . . .     SeeInvis .     f - +0 short sword
rCold  . . .     Gourm    .     a - +0 robe
rNeg   . . .     Faith    .     (no shield)
rPois  .         Spirit   .     (no helmet)
rElec  .         Dismiss  .     (no cloak)
rCorr  .         Reflect  .     (no gloves)
MR     .....     Harm     .     (no boots)
Stlth  ++........               (no amulet)
                                (no ring)
                                (no ring)

@: no status effects
A: no striking features
a: no special abilities


You were on level 5 of the Dungeon.
You were not hungry.

You visited 1 branch of the dungeon, and saw 5 of its levels.

You collected 14 gold pieces.

Inventory:

Hand Weapons
 f - a +0 short sword (weapon)
 g - a +0 hand axe
Armour
 a - a +0 robe (worn)
Scrolls
 e - 2 scrolls of immolation
Potions
 h - a potion of cancellation
 i - a potion of flight {unknown}
 k - a potion of heal wounds {unknown}
 l - a potion of magic {unknown}
Books
 b - a book of Conjurations

   Spells                             Type                      Level
   a - Magic Dart                     Conjuration                  1
   b - Searing Ray                    Conjuration                  2
   c - Dazzling Spray                 Conjuration/Hexes            3
   d - Fulminant Prism                Conjuration/Hexes            4
   e - Iskenderun's Mystic Blast      Conjuration                  4
   f - Iskenderun's Battlesphere      Conjuration/Charms           5
Comestibles
 c - 2 bread rations
 d - a beef jerky
 j - 2 meat rations
 n - 5 fruits


   Skills:
 - Level 2.4 Dodging
 - Level 2.4 Stealth
 + Level 4.3 Spellcasting
 * Level 6.1 Conjurations


You had 8 spell levels left.
You knew the following spells:

 Your Spells              Type           Power        Failure   Level  Hunger
a - Magic Dart            Conj           ####         1%          1    None
b - Searing Ray           Conj           ####..       1%          2    #......


Dungeon Overview and Level Annotations

Branches:
Dungeon (5/15)
 Temple: D:4-7

Altars:
Ashenzari
Elyvilon


Message History

The searing ray hits the orc.
You kill the orc!
The orc wizard gestures at you while chanting.
The puff of flame hits you!
An orc priest comes into view. It is wielding a hand axe.
The orc wizard points at you and mumbles some strange words.
The magic dart hits you!
The searing ray hits the orc wizard.
The orc wizard is heavily wounded.
The orc priest shouts!
The orc priest calls upon Beogh to heal the orc wizard.
The orc wizard is healed somewhat.
The searing ray hits the orc wizard.
You kill the orc wizard!
Your Conjurations skill increases to level 6!
You finish channeling your searing ray.
The orc priest calls down the wrath of Beogh upon you.
Beogh smites you!
Ouch! That really hurt!
You die...

.#.# ...# .?o. .#
.o# .# #.####.#
#......# #)....#
#.....# ##.@...#
#......# #....#.#
#....#.#
#....#.#####.#
#...##.......#
#...##.#####..
#......####
#.#.......##.#.##


You could see an orc priest and an orc wizard.

Vanquished Creatures
  An orc wizard (D:5)
  A worker ant (D:5)
  2 worker ant zombies (D:3)
  An adder skeleton (D:3)
  A worm (D:4)
  5 orcs
  5 giant cockroaches (D:2)
  2 goblins
  2 hobgoblins (D:2)
  A quokka (D:4)
  A giant gecko zombie (D:3)
  3 giant newts
  2 kobolds
  A quokka skeleton (D:3)
  3 rats
31 creatures vanquished.

Notes
Turn   | Place    | Note
-------+----------+-------------------------------------------
     0 | D:1      | PurpleRed the Deep Elf Conjurer began the quest for the Orb.
     0 | D:1      | Reached XP level 1. HP: 10/10 MP: 6/6
    71 | D:2      | Found a white marble altar of Elyvilon.
   158 | D:2      | Reached XP level 2. HP: 5/15 MP: 0/8
   205 | D:2      | Found a shattered altar of Ashenzari.
   266 | D:3      | Reached skill level 5 in Conjurations
   276 | D:3      | Learned a level 2 spell: Searing Ray
   403 | D:3      | Reached XP level 3. HP: 11/19 MP: 0/10
   541 | D:5      | Entered Level 5 of the Dungeon
   604 | D:5      | Reached XP level 4. HP: 18/24 MP: 6/12
   620 | D:5      | Reached skill level 6 in Conjurations
   621 | D:5      | Killed from afar by an orc priest

Vault maps used:
D:1:      lightli_arrival_statue_moat
D:2:      lemuel_doored_altar, nicolae_overflow_crystal_walls
D:3:      serial_undead, serial_undead_b, serial_undead_e, serial_undead_b,
          serial_undead_b, serial_undead_e, serial_undead_a, serial_undead_c,
          supply_closet_lemuel, uniq_sigmund
D:4:      overflow_temple_1_default, first_bread, minivault_1,
          nrook_mini_vaults, columned_hall_lemuel
D:5:      serial_shops, nicolae_shop_trees, uniq_prince_ribbit1,
          uniq_crazy_yiuf_cottage

Skill      XL: |  1  2  3  4 |
---------------+-------------+-----
Conjurations   | 5 6 |  6.1
Spellcasting   | 4 |  4.3
Dodging        | |  2.4
Stealth        | |  2.4

Action                   |  1- 3 |  4- 6 || total
-------------------------+-------+-------++-------
Melee: Short sword       |    22 |       ||    22
 Cast: Magic Dart        |    36 |     1 ||    37
       Searing Ray       |     5 |     1 ||     6
  Use: Scroll            |     4 |       ||     4
 Stab: Sleeping          |     1 |       ||     1
Armor: Robe              |     6 |       ||     6
Dodge: Dodged            |    34 |       ||    34
